 Dungeon Crawl Stone Soup version 0.28.0 (webtiles) character file.

Game seed: 16227500795968489537

412 issech the Ducker (level 6, -1/61 HPs)
             Began as a Troll Monk on Feb 13, 2022.
             Slain by a black bear (8 damage)
             ... on level 5 of the Dungeon.
             The game lasted 00:17:29 (4453 turns).

issech the Ducker (Troll Monk)                      Turns: 4453, Time: 00:17:29

Health: -1/61      AC:  4    Str: 20    XL:     6   Next: 59%
Magic:  5/5        EV: 11    Int:  6    God:
Gold:   133        SH:  0    Dex: 14    Spells: 5/5 levels left

rFire   . . .      SeeInvis .   a - +0 mace
rCold   . . .      Faith    .   (no shield)
rNeg    . . .      Spirit   .   b - +0 robe
rPois   .          Reflect  .   (helmet restricted)
rElec   .          Harm     .   (no cloak)
rCorr   .          Rampage  .   (gloves unavailable)
Will    +....                   (boots unavailable)
Stlth   ++........              (no amulet)
HPRegen 1.00/turn               d - ring of willpower
MPRegen 0.09/turn               (no ring)

@: no status effects
A: large, unfitting armour, claws 3, regeneration 1, shaggy fur 1, tough skin 1
a: no special abilities


You were on level 5 of the Dungeon.
You visited 1 branch of the dungeon, and saw 5 of its levels.
You also visited: Sewer.

You collected 133 gold pieces.

Inventory:

Hand Weapons
 a - a +0 mace (weapon)
 m - a +0 flail
 o - a +0 short sword of holy wrath
Missiles
 c - 140 stones (quivered)
 e - 36 bolts
 l - 6 javelins
 n - 64 arrows
 p - 2 atropa-tipped darts
Armour
 b - a +0 robe (worn)
Jewellery
 d - a ring of willpower (left claw)
Scrolls
 f - a scroll of summoning
 g - a scroll of immolation
 h - a scroll of teleportation
 j - 3 scrolls of enchant weapon
 k - 2 scrolls of amnesia
 q - a scroll of enchant armour {unknown}
 s - a scroll of identify
 t - a scroll of magic mapping {unknown}
Potions
 i - a potion of heal wounds {unknown}
 r - a potion of attraction {unknown}


   Skills:
 + Level 3.5 Fighting
 + Level 4.3 Maces & Flails
 + Level 4.4 Dodging
 + Level 1.3 Stealth


You had 5 spell levels left.
You didn't know any spells.
Your spell library contained the following spells:

 Spells                   Type           Power      Damage    Failure   Level
 Animate Skeleton         Necr           0%         N/A       45%         1
 Magic Dart               Conj           0%         1d3       45%         1
 Pain                     Necr           0%         1d4       45%         1
 Shock                    Conj/Air       0%         1d3       45%         1
 Call Imp                 Summ           0%         N/A       58%         2
 Mephitic Cloud           Conj/Pois/Air  0%         N/A       83%         3
 Stone Arrow              Conj/Erth      0%         3d7       83%         3
 Swiftness                Air            0%         N/A       83%         3
 Vampiric Draining        Necr           0%         2d6       83%         3
 Airstrike                Air            0%         N/A       99%         4
 Animate Armour           Summ/Erth      0%         N/A       99%         4
 Lehudib's Crystal Spear  Conj/Erth      0%         10d2      100%        8


Dungeon Overview and Level Annotations

Branches:
Dungeon (5/15)              Sewer (visited)
 Temple: D:4-7

Altars:
Gozag
Nemelex Xobeh


Innate Abilities, Weirdness & Mutations

You are too large for most types of armour.
You have claws for hands.
Your natural rate of healing is unusually fast.
You are covered in fur. (AC +1)
You have tough skin. (AC +1)


Message History

You hit the black bear but do no damage.
The black bear is severely wounded.
The iguana hisses menacingly.
The black bear closely misses you.
The black bear claws you but does no damage.
The black bear claws you.
You hit the black bear.
The black bear is almost dead.
The black bear goes berserk!
The black bear barely misses you. x2
The black bear claws you but does no damage.
The iguana bites you!
You barely miss the black bear.
The black bear is almost dead.
The black bear barely misses you. The black bear closely misses you.
The black bear claws you but does no damage.
The iguana closely misses you.
Unknown command.
You hit the black bear.
The black bear is almost dead.
The black bear barely misses you. The black bear claws you.
The black bear claws you but does no damage.
The black bear closely misses you. The black bear claws you.
The black bear claws you but does no damage.
The iguana barely misses you.
You barely miss the black bear.
The black bear is almost dead.
The black bear bites you! The black bear claws you. x2
The iguana barely misses you. The black bear bites you.
The black bear claws you. x2
You barely miss the black bear.
The black bear is almost dead.
The black bear closely misses you. The black bear claws you.
The black bear misses you. The iguana bites you!
* * * LOW HITPOINT WARNING * * *
The black bear closely misses you. x2
The black bear claws you but does no damage.
The iguana bites you!
* * * LOW HITPOINT WARNING * * *
The black bear bites you!
You die...

#.#.#.## #
...... .. ....#
#.###..#
#...#..########
#....<.......
#....#..########
#.. ##..#####. .
#.@.......
#.h.###### #.l.#
#...# #.....
|...### ###.##
#.# #..


You could see a black bear (berserk) and an iguana.

Vanquished Creatures
  Pargi (Sewer)
  A bullfrog (D:2)
  Jessica (D:3)
  Terence (D:2)
  An iguana (D:4)
  3 adders (D:2)
  3 gnolls
  An adder skeleton (D:4)
  A worm (D:2)
  4 dart slugs
  6 orcs
  7 bats
  4 endoplasms
  5 giant cockroaches
  14 goblins
  4 hobgoblins
  10 jackals (D:1)
  2 kobolds
  3 quokkas
  11 ball pythons
  8 frilled lizards
  7 rats
98 creatures vanquished.

Vanquished Creatures (others)
  A plant (D:1)
1 creature vanquished.

Grand Total: 99 creatures vanquished

Notes
Turn   | Place    | Note
-------+----------+-------------------------------------------
     0 | D:1      | issech the Troll Monk began the quest for the Orb.
     0 | D:1      | Reached XP level 1. HP: 22/22 MP: 0/0
   118 | D:1      | Reached XP level 2. HP: 26/29 MP: 1/1
   386 | D:1      | Reached XP level 3. HP: 29/36 MP: 2/2
   843 | D:2      | Reached XP level 4. HP: 40/44 MP: 3/3
   858 | D:2      | Noticed Terence
   877 | D:2      | Killed Terence
   977 | D:2      | Found a sparkling altar of Nemelex Xobeh.
  1405 | D:3      | Reached XP level 5. HP: 53/53 MP: 4/4
  1441 | D:3      | Noticed zazu2006's ghost (amateur NaWz)
  1506 | D:3      | Found a runed translucent gate.
  1506 | D:3      | Found a runed translucent gate.
  1506 | D:3      | Found a runed translucent gate.
  1658 | D:3      | Found a faded altar of an unknown god.
  1667 | D:3      | Noticed Jessica
  1683 | D:3      | Killed Jessica
  1736 | D:3      | Found a glowing drain.
  1755 | Sewer    | Entered a sewer
  1795 | Sewer    | Noticed Pargi
  3034 | Sewer    | Killed Pargi
  3035 | Sewer    | Reached XP level 6. HP: 23/61 MP: 5/5
  3652 | D:3      | Found an opulent altar of Gozag.
  4436 | D:5      | Entered Level 5 of the Dungeon
  4453 | D:5      | Slain by a black bear

Illustrated notes

Levels and vault maps discovered:
D:1:      sevenhm_arrival_forest_fort_small_3, layout_basic
D:2:      layout_rooms, basic_altar, uniq_terence
D:3:      layout_basic, nicolae_overflow_ecumenical_swirl, portal_sewer_entry_f,
          gammafunk_ghost_split, uniq_jessica
D:4:      layout_loops_cross, eino_curves_01, kennysheep_generic_room_10
D:5:      layout_loops_ring

Skill      XL: |  1  2  3  4  5 |
---------------+----------------+-----
Maces & Flails | 3 4 |  4.3
Dodging        | 3 4 |  4.4
Fighting       | 3 |  3.5
Stealth        | |  1.3

Action                   |  1- 3 |  4- 6 || total
-------------------------+-------+-------++-------
Melee: Mace              |   126 |   219 ||   345
       Punch             |     2 |     4 ||     6
Throw: Stone             |       |     2 ||     2
  Use: Scroll            |       |     7 ||     7
       Potion            |       |     4 ||     4
 Stab: Sleeping          |       |     2 ||     2
Armor: Robe              |    65 |   443 ||   508
Dodge: Dodged            |   106 |   856 ||   962
